Kings vs Oilers

Created - November 1, 2016 at 17:23

Goals
1 2 3 T
Kings 2 2 1 5
Oilers 0 1 0 1
Shots
1 2 3 T
Kings 8 8 9 25
Oilers 10 9 9 28

1st period

1. Kings , Evgeny Medvedev 1 (Jonathan Toews, Daniel Sedin) at 4:38
2. Kings , Scott Hartnell 6 (Mikael Granlund, Patrik Berglund) at 14:33

Penalties :
No Penalty

2nd period

3. Kings , Colton Sceviour 3 (Chris Kunitz) at 9:18
4. Kings , Jonathan Toews 10 (Dan Hamhuis) at 9:42
5. Oilers , Brad Marchand 9 (Blake Wheeler, Aleksander Barkov) at 18:36 (PP)

Penalties :
Alex Petrovic (EDM) for Cross-checking (Minor) at 6:14, Niklas Kronwall (LOS) for Holding (Minor) at 17:01, Mikael Granlund (LOS) for Tripping (Minor) at 19:27

3rd period

6. Kings , Chris Kunitz 3 (Patrik Berglund, Mikael Granlund) at 18:26 (PP)

Penalties :
Derek MacKenzie (LOS) for Hooking (Minor) at 2:34, Steve Mason (LOS) for Delaying the game (Minor) at 4:45 - Derek MacKenzie served the penalty., Fedor Tyutin (LOS) for Hooking (Minor) at 4:45, Jay Beagle (EDM) for Holding (Minor) at 17:21, Chris Kunitz (LOS) for Hooking (Minor) at 19:01

Goalie Stats

Steve Mason (LOS), 27 saves from 28 shots - (0.964), W, 6-2-3, 60:00 minutes
Antti Raanta (EDM), 9 saves from 13 shots - (0.692), L, 1-1-0, 29:42 minutes
Martin Jones (EDM), 11 saves from 12 shots - (0.917), 30:18 minutes

Players Stats for Kings

Player Name              G  A  P  +/- PIM S  H  SB GA TA FO     MP     PP MP  PK MP  
------------------------------------------------------------------------------------
Alexei Emelin            0  0  0   1  0   1  1  2  0  0  0/0    17:40   0:00   4:09 
Chris Kunitz             1  1  2   1  2   2  1  0  0  0  0/0    12:14   1:21   0:09 
Colton Sceviour          1  0  1   1  0   3  0  0  0  0  2/12   12:39   0:00   1:54 
Dan Hamhuis              0  1  1   2  0   0  6  0  0  0  0/0    24:43   1:16   4:07 
Daniel Sedin             0  1  1   2  0   3  1  0  0  0  1/3    18:50   1:43   0:20 
Derek MacKenzie          0  0  0   0  2   0  0  0  0  0  1/7     6:05   0:00   0:49 
Evgeny Medvedev          1  0  1   1  0   1  0  1  0  0  0/0    16:37   0:00   1:02 
Fedor Tyutin             0  0  0   1  2   0  3  4  0  0  0/0    15:34   0:00   0:00 
J.T. Brown               0  0  0   1  0   0  1  1  0  0  0/0    15:44   0:00   4:59 
Jonathan Toews           1  1  2   2  0   3  4  0  0  0  16/28  23:07   1:43   4:37 
Matt Niskanen            0  0  0   1  0   1  2  3  0  0  0/0    21:57   1:48   4:21 
Mikael Granlund          0  2  2   1  2   1  0  0  0  0  13/25  17:42   1:21   0:45 
Nikita Soshnikov         0  0  0   0  0   0  1  0  0  0  0/0     5:17   0:00   0:00 
Niklas Kronwall          0  0  0   2  2   0  5  1  0  0  0/0    22:11   1:48   3:21 
Oscar Lindberg           0  0  0   0  0   0  0  0  0  0  0/0     5:17   0:00   0:00 
Patrik Berglund          0  2  2   1  0   3  2  0  0  0  4/6    18:26   1:21   1:28 
Scott Hartnell           1  0  1   1  0   6  3  0  0  0  2/2    17:20   1:43   0:00 
Victor Rask              0  0  0   2  0   1  1  0  0  0  0/1    18:03   1:16   0:00 

Players Stats for Oilers

Player Name              G  A  P  +/- PIM S  H  SB GA TA FO     MP     PP MP  PK MP  
------------------------------------------------------------------------------------
Aleksander Barkov        0  1  1  -1  0   3  0  0  0  0  19/27  20:41   4:25   0:23 
Alex Petrovic            0  0  0  -1  2   0  4  1  0  0  0/0    16:53   0:10   0:00 
Blake Wheeler            0  1  1  -1  0   2  3  0  0  0  0/1    20:18   4:25   0:00 
Bo Horvat                0  0  0  -1  0   2  0  0  0  0  6/23   18:30   4:05   0:00 
Brad Marchand            1  0  1  -1  0   9  1  0  0  0  0/1    20:33   4:25   0:15 
Brian Campbell           0  0  0  -2  0   2  0  0  0  0  0/0    21:46   3:48   2:06 
Dominic Moore            0  0  0  -1  0   1  1  0  0  0  3/9     8:07   0:00   1:39 
Jannik Hansen            0  0  0  -1  0   0  0  0  0  0  0/1    18:30   4:05   0:00 
Jay Beagle               0  0  0  -1  2   0  2  1  0  0  17/21  12:41   0:00   1:02 
Justin Williams          0  0  0  -1  0   3  0  0  0  0  0/0    16:56   4:05   1:11 
Marc-Edouard Vlasic      0  0  0  -2  0   2  1  2  0  0  0/0    22:59   4:42   2:06 
Marco Scandella          0  0  0  -1  0   0  1  0  0  0  0/0    20:17   3:48   0:58 
Matt Read                0  0  0  -1  0   0  0  0  0  0  0/0    11:40   0:00   0:00 
Matthew Nieto            0  0  0  -1  0   0  0  0  0  0  0/0     6:28   0:00   0:00 
Mattias Ekholm           0  0  0  -1  0   1  2  1  0  0  0/0    21:20   4:32   0:58 
Michael Grabner          0  0  0  -1  0   1  0  0  0  0  0/0    16:03   0:00   1:38 
Nicklas Grossmann        0  0  0  -1  0   0  0  1  0  0  0/0    16:44   0:00   0:00 
Scottie Upshall          0  0  0  -1  0   2  1  0  0  0  0/1     6:28   0:00   0:00 

3 Stars

1 - Jonathan Toews (LOS)
2 - Steve Mason (LOS)
3 - Dan Hamhuis (LOS)

Power Play

Kings - 1 on 2 Attempt(s) - 50.00%
Oilers - 1 on 6 Attempt(s) - 16.67%

Penalty Kill

Kings - 5 on 6 Attempt(s) - 83.33% - Score 0 goal in Penalty Kill
Oilers - 1 on 2 Attempt(s) - 50.00% - Score 0 goal in Penalty Kill

Team Stat

Kings - Hits : 31 - Faceoff Wins : 39 - Blocked Shots : 12 - Penalty Minutes : 12
Oilers - Hits : 16 - Faceoff Wins : 45 - Blocked Shots : 6 - Penalty Minutes : 4

Official

Referees : Wes McCauley and Marc Joannette
Linesman : Darren Gibbs and Tim Nowak

Game Notes

Martin Jones enters game at 9:42 of 2nd period

Finance

Level 1 -- Attendance: 6500 (100.00%) -- Ticket Income $591,500
Level 2 -- Attendance: 5000 (100.00%) -- Ticket Income $370,000
Level 3 -- Attendance: 2432 (69.49%) -- Ticket Income $158,080
Level 4 -- Attendance: 839 (100.00%) -- Ticket Income $53,696
Luxury Box -- Attendance: 962 (96.20%) -- Ticket Income $182,780
Game was played at the Rexall Place.
Total Attendance: 15733 (93.43%)
Total Ticket Income: $1,356,056
Other Income: $203,408
Total Income: $1,559,464

% Time on Ice - Kings

Lines # - Real PCT - Wanted PCT - Time Play
Normal Forward
1 - 35% - 40% - 16:47
2 - 32% - 30% - 15:37
3 - 22% - 20% - 10:45
4 - 11% - 10% - 5:17
Normal Defense
1 - 35% - 40% - 17:03
2 - 28% - 30% - 13:31
3 - 32% - 20% - 15:35
4 - 5% - 10% - 2:17
PP Forward
1 - 56% - 60% - 1:43
2 - 44% - 40% - 1:21
PP Defense
1 - 59% - 60% - 1:48
2 - 41% - 40% - 1:16
PK Forward
1 - 76% - 60% - 4:57
2 - 24% - 40% - 1:34
PK Defense
1 - 54% - 60% - 3:33
2 - 46% - 40% - 2:58
PK3 Forward
1 - 74% - 60% - 1:28
2 - 26% - 40% - 0:31
PK3 Defense
1 - 40% - 60% - 0:48
2 - 60% - 40% - 1:11
44 Forward
1 - 0% - 60%
2 - 0% - 40%
44 Defense
1 - 0% - 60%
2 - 0% - 40%
Last Minute Offensive  - 0:00
Last Minute Defensive  - 0:00
Total
Forward - 60:00
Defense - 60:00

% Time on Ice - Oilers

Lines # - Real PCT - Wanted PCT - Time Play
Normal Forward
1 - 33% - 34% - 15:53
2 - 30% - 32% - 14:25
3 - 24% - 27% - 11:40
4 - 13% - 7% - 6:28
Normal Defense
1 - 33% - 34% - 15:52
2 - 32% - 33% - 15:31
3 - 35% - 33% - 16:44
4 - 1% - 0% - 0:19
PP Forward
1 - 52% - 55% - 4:25
2 - 48% - 45% - 4:05
PP Defense
1 - 55% - 50% - 4:42
2 - 45% - 50% - 3:48
PK Forward
1 - 61% - 55% - 1:53
2 - 39% - 45% - 1:11
PK Defense
1 - 68% - 50% - 2:06
2 - 32% - 50% - 0:58
PK3 Forward
1 - 0% - 60%
2 - 0% - 40%
PK3 Defense
1 - 0% - 50%
2 - 0% - 50%
44 Forward
1 - 0% - 50%
2 - 0% - 50%
44 Defense
1 - 0% - 50%
2 - 0% - 50%
Last Minute Offensive  - 0:00
Last Minute Defensive  - 0:00
Total
Forward - 60:00
Defense - 60:00

Play by Play

1st period


0:01 of 1st period - Aleksander Barkov wins face-off versus Jonathan Toews in neutral zone.
0:05 of 1st period - Aleksander Barkov is hit by Dan Hamhuis and loses puck.
0:24 of 1st period - Shot by Brad Marchand.
0:24 of 1st period - Stopped by Steve Mason without a rebound.
0:25 of 1st period - Mikael Granlund wins face-off versus Bo Horvat in Kings zone.
0:42 of 1st period - Shot by Mikael Granlund.
0:42 of 1st period - Stopped by Antti Raanta with a rebound.
1:06 of 1st period - Shot by Michael Grabner.
1:06 of 1st period - Shot Misses the Net.
1:53 of 1st period - Shot by Justin Williams.
1:53 of 1st period - Stopped by Steve Mason without a rebound.
1:54 of 1st period - Aleksander Barkov wins face-off versus Colton Sceviour in Kings zone.
1:55 of 1st period - Shot by Brad Marchand.
1:55 of 1st period - Stopped by Steve Mason with a rebound.
2:59 of 1st period - Icing by Jonathan Toews.
3:00 of 1st period - Jonathan Toews wins face-off versus Bo Horvat in Kings zone.
3:16 of 1st period - Icing by Alex Petrovic.
3:17 of 1st period - Bo Horvat wins face-off versus Derek MacKenzie in Oilers zone.
3:29 of 1st period - Michael Grabner is hit by Matt Niskanen and loses puck.
3:40 of 1st period - Shot by Bo Horvat.
3:40 of 1st period - Shot Misses the Net.
3:42 of 1st period - Shot by Bo Horvat.
3:42 of 1st period - Stopped by Steve Mason with a rebound.
4:24 of 1st period - Shot by Jonathan Toews.
4:24 of 1st period - Shot Misses the Net.
4:34 of 1st period - Shot by Daniel Sedin.
4:34 of 1st period - Shot Misses the Net.
4:36 of 1st period - Shot by Jonathan Toews.
4:36 of 1st period - Shot Misses the Net.
4:38 of 1st period - Shot by Evgeny Medvedev.
4:38 of 1st period - Goal by Evgeny Medvedev - Kings : 1 - Oilers : 0.
4:39 of 1st period - Dominic Moore wins face-off versus Colton Sceviour in neutral zone.
5:03 of 1st period - Dominic Moore is hit by Niklas Kronwall and loses puck.
5:14 of 1st period - Shot by Scottie Upshall.
5:14 of 1st period - Shot Misses the Net.
5:23 of 1st period - Icing by Colton Sceviour.
5:24 of 1st period - Aleksander Barkov wins face-off versus Colton Sceviour in Kings zone.
5:26 of 1st period - Blake Wheeler is hit by Niklas Kronwall and loses puck.
5:32 of 1st period - Shot by Aleksander Barkov.
5:32 of 1st period - Shot Misses the Net.
6:01 of 1st period - Niklas Kronwall is hit by Blake Wheeler and loses puck.
6:52 of 1st period - Shot by Daniel Sedin.
6:52 of 1st period - Stopped by Antti Raanta without a rebound.
6:53 of 1st period - Mikael Granlund wins face-off versus Bo Horvat in Oilers zone.
6:59 of 1st period - Icing by Marc-Edouard Vlasic.
7:00 of 1st period - Mikael Granlund wins face-off versus Bo Horvat in Oilers zone.
7:05 of 1st period - Shot by Patrik Berglund.
7:05 of 1st period - Stopped by Antti Raanta without a rebound.
7:06 of 1st period - Aleksander Barkov wins face-off versus Jonathan Toews in Oilers zone.
7:06 of 1st period - Aleksander Barkov is hit by Jonathan Toews.
7:13 of 1st period - Off-side.
7:14 of 1st period - Jay Beagle wins face-off versus Jonathan Toews in neutral zone.
7:33 of 1st period - Icing by Mattias Ekholm.
7:34 of 1st period - Jay Beagle wins face-off versus Mikael Granlund in Oilers zone.
7:34 of 1st period - Jay Beagle is hit by Patrik Berglund.
8:03 of 1st period - Icing by Mattias Ekholm.
8:04 of 1st period - Jonathan Toews wins face-off versus Jay Beagle in Oilers zone.
8:58 of 1st period - Icing by Jannik Hansen.
8:59 of 1st period - Mikael Granlund wins face-off versus Bo Horvat in Oilers zone.
10:20 of 1st period - Shot by Nikita Soshnikov.
10:20 of 1st period - Shot Misses the Net.
10:22 of 1st period - Shot by Evgeny Medvedev.
10:22 of 1st period - Shot Misses the Net.
10:31 of 1st period - Off-side.
10:32 of 1st period - Jonathan Toews wins face-off versus Dominic Moore in neutral zone.
11:08 of 1st period - Jonathan Toews is hit by Marco Scandella and loses puck.
11:31 of 1st period - Shot by Blake Wheeler.
11:31 of 1st period - Shot Blocked by Alexei Emelin.
11:48 of 1st period - Icing by Brad Marchand.
11:49 of 1st period - Aleksander Barkov wins face-off versus Mikael Granlund in Oilers zone.
12:03 of 1st period - Shot by Brad Marchand.
12:03 of 1st period - Stopped by Steve Mason with a rebound.
13:02 of 1st period - Jannik Hansen is hit by Fedor Tyutin and loses puck.
13:06 of 1st period - Icing by Fedor Tyutin.
13:07 of 1st period - Jay Beagle wins face-off versus Colton Sceviour in Kings zone.
13:08 of 1st period - Shot by Marco Scandella.
13:08 of 1st period - Shot Misses the Net.
13:53 of 1st period - Icing by Marco Scandella.
13:54 of 1st period - Jay Beagle wins face-off versus Daniel Sedin in Oilers zone.
14:25 of 1st period - Shot by Daniel Sedin.
14:25 of 1st period - Stopped by Antti Raanta without a rebound.
14:26 of 1st period - Mikael Granlund wins face-off versus Dominic Moore in Oilers zone.
14:29 of 1st period - Shot by Scott Hartnell.
14:29 of 1st period - Stopped by Antti Raanta with a rebound.
14:31 of 1st period - Shot by Mikael Granlund.
14:31 of 1st period - Shot Blocked by Marc-Edouard Vlasic.
14:33 of 1st period - Shot by Scott Hartnell.
14:33 of 1st period - Goal by Scott Hartnell - Kings : 2 - Oilers : 0.
14:34 of 1st period - Mikael Granlund wins face-off versus Aleksander Barkov in neutral zone.
14:37 of 1st period - Shot by Dan Hamhuis.
14:37 of 1st period - Shot Misses the Net.
14:47 of 1st period - Shot by Aleksander Barkov.
14:47 of 1st period - Stopped by Steve Mason without a rebound.
14:48 of 1st period - Jonathan Toews wins face-off versus Bo Horvat in Kings zone.
15:20 of 1st period - Shot by Jannik Hansen.
15:20 of 1st period - Shot Blocked by Fedor Tyutin.
15:22 of 1st period - Shot by Brian Campbell.
15:22 of 1st period - Shot Misses the Net.
15:24 of 1st period - Shot by Brian Campbell.
15:24 of 1st period - Stopped by Steve Mason without a rebound.
15:25 of 1st period - Aleksander Barkov wins face-off versus Derek MacKenzie in Kings zone.
15:33 of 1st period - Shot by Brad Marchand.
15:33 of 1st period - Stopped by Steve Mason without a rebound.
15:34 of 1st period - Aleksander Barkov wins face-off versus Mikael Granlund in Kings zone.
15:34 of 1st period - Blake Wheeler is hit by Niklas Kronwall.
15:59 of 1st period - Off-side.
16:00 of 1st period - Jonathan Toews wins face-off versus Bo Horvat in neutral zone.
16:17 of 1st period - Shot by Daniel Sedin.
16:17 of 1st period - Shot Misses the Net.
16:19 of 1st period - Shot by Alexei Emelin.
16:19 of 1st period - Stopped by Antti Raanta without a rebound.
16:20 of 1st period - Aleksander Barkov wins face-off versus Derek MacKenzie in Oilers zone.
16:58 of 1st period - Shot by Brad Marchand.
16:58 of 1st period - Stopped by Steve Mason without a rebound.
16:59 of 1st period - Jay Beagle wins face-off versus Jonathan Toews in Kings zone.
17:06 of 1st period - Shot by Justin Williams.
17:06 of 1st period - Stopped by Steve Mason without a rebound.
17:07 of 1st period - Jonathan Toews wins face-off versus Bo Horvat in Kings zone.
17:14 of 1st period - Jannik Hansen is hit by Daniel Sedin and loses puck.
17:39 of 1st period - Shot by Daniel Sedin.
17:39 of 1st period - Shot Misses the Net.
18:12 of 1st period - Icing by Patrik Berglund.
18:13 of 1st period - Jay Beagle wins face-off versus Mikael Granlund in Kings zone.
18:21 of 1st period - Icing by Mattias Ekholm.
18:22 of 1st period - Colton Sceviour wins face-off versus Jay Beagle in Oilers zone.
18:27 of 1st period - Shot by Colton Sceviour.
18:27 of 1st period - Shot Misses the Net.
18:32 of 1st period - Justin Williams is hit by J.T. Brown and loses puck.
19:17 of 1st period - Shot by Brad Marchand.
19:17 of 1st period - Shot Blocked by Fedor Tyutin.
19:19 of 1st period - Shot by Blake Wheeler.
19:19 of 1st period - Shot Blocked by J.T. Brown.
19:21 of 1st period - Shot by Nicklas Grossmann.
19:21 of 1st period - Shot Blocked by Fedor Tyutin.
19:44 of 1st period - Aleksander Barkov is hit by Fedor Tyutin and loses puck.
19:53 of 1st period - Shot by Blake Wheeler.
19:53 of 1st period - Shot Blocked by Evgeny Medvedev.
Goals for this period are 2 for Kings vs 0 for Oilers.
Shots for this period are 8 for Kings vs 10 for Oilers.

2nd period


0:01 of 2nd period - Aleksander Barkov wins face-off versus Jonathan Toews in neutral zone.
0:01 of 2nd period - Blake Wheeler is hit by Jonathan Toews and loses puck.
0:15 of 2nd period - Brad Marchand is hit by Dan Hamhuis and loses puck.
0:59 of 2nd period - Icing by Brian Campbell.
1:00 of 2nd period - Mikael Granlund wins face-off versus Bo Horvat in Oilers zone.
1:01 of 2nd period - Shot by Scott Hartnell.
1:01 of 2nd period - Stopped by Antti Raanta without a rebound.
1:02 of 2nd period - Mikael Granlund wins face-off versus Bo Horvat in Oilers zone.
1:16 of 2nd period - Icing by Michael Grabner.
1:17 of 2nd period - Derek MacKenzie wins face-off versus Jannik Hansen in Oilers zone.
1:22 of 2nd period - Shot by Derek MacKenzie.
1:22 of 2nd period - Shot Blocked by Alex Petrovic.
1:41 of 2nd period - Shot by Bo Horvat.
1:41 of 2nd period - Stopped by Steve Mason without a rebound.
1:42 of 2nd period - Jay Beagle wins face-off versus Mikael Granlund in Kings zone.
2:13 of 2nd period - Shot by Scott Hartnell.
2:13 of 2nd period - Stopped by Antti Raanta without a rebound.
2:14 of 2nd period - Aleksander Barkov wins face-off versus Jonathan Toews in Oilers zone.
2:19 of 2nd period - Matt Niskanen is hit by Blake Wheeler and loses puck.
2:37 of 2nd period - Shot by Brad Marchand.
2:37 of 2nd period - Shot Blocked by Alexei Emelin.
3:10 of 2nd period - Mikael Granlund is hit by Blake Wheeler and loses puck.
5:52 of 2nd period - Jonathan Toews is hit by Alex Petrovic and loses puck.
6:06 of 2nd period - Jonathan Toews is hit by Alex Petrovic and loses puck.
6:13 of 2nd period - Shot by Victor Rask.
6:13 of 2nd period - Shot Misses the Net.
6:14 of 2nd period - Minor Penalty to Alex Petrovic for Cross-checking.
6:15 of 2nd period - Jay Beagle wins face-off versus Patrik Berglund in Oilers zone.
6:15 of 2nd period - Jay Beagle is hit by Chris Kunitz.
6:32 of 2nd period - Shot by Niklas Kronwall.
6:32 of 2nd period - Shot Misses the Net.
6:36 of 2nd period - Shot by Mikael Granlund.
6:36 of 2nd period - Shot Blocked by Jay Beagle.
7:12 of 2nd period - Icing by Jonathan Toews.
7:13 of 2nd period - Jonathan Toews wins face-off versus Dominic Moore in Kings zone.
7:20 of 2nd period - Shot by Dan Hamhuis.
7:20 of 2nd period - Shot Misses the Net.
7:33 of 2nd period - Shot by Victor Rask.
7:33 of 2nd period - Shot Blocked by Mattias Ekholm.
8:06 of 2nd period - Shot by Matt Niskanen.
8:06 of 2nd period - Stopped by Antti Raanta without a rebound.
8:07 of 2nd period - Mikael Granlund wins face-off versus Jay Beagle in Oilers zone.
8:16 of 2nd period - Shot by Patrik Berglund.
8:16 of 2nd period - Deflect By Nikita Soshnikov.
8:16 of 2nd period - Shot Blocked by Nicklas Grossmann.
8:34 of 2nd period - Nikita Soshnikov is hit by Alex Petrovic and loses puck.
8:51 of 2nd period - Blake Wheeler is hit by Nikita Soshnikov and loses puck.
9:18 of 2nd period - Shot by Colton Sceviour.
9:18 of 2nd period - Goal by Colton Sceviour - Kings : 3 - Oilers : 0.
9:19 of 2nd period - Jay Beagle wins face-off versus Mikael Granlund in neutral zone.
9:19 of 2nd period - Matt Read is hit by Scott Hartnell and loses puck.
9:26 of 2nd period - Shot by Justin Williams.
9:26 of 2nd period - Stopped by Steve Mason without a rebound.
9:27 of 2nd period - Bo Horvat wins face-off versus Jonathan Toews in Kings zone.
9:40 of 2nd period - Shot by Jonathan Toews.
9:40 of 2nd period - Shot Blocked by Marc-Edouard Vlasic.
9:42 of 2nd period - Shot by Jonathan Toews.
9:42 of 2nd period - Goal by Jonathan Toews - Kings : 4 - Oilers : 0.
9:42 of 2nd period - Martin Jones enters game.
9:43 of 2nd period - Jay Beagle wins face-off versus Mikael Granlund in neutral zone.
10:16 of 2nd period - Shot by Mikael Granlund.
10:16 of 2nd period - Shot Misses the Net.
10:18 of 2nd period - Shot by Patrik Berglund.
10:18 of 2nd period - Shot Misses the Net.
10:20 of 2nd period - Shot by Scott Hartnell.
10:20 of 2nd period - Stopped by Martin Jones without a rebound.
10:21 of 2nd period - Bo Horvat wins face-off versus Jonathan Toews in Oilers zone.
11:27 of 2nd period - Shot by Colton Sceviour.
11:27 of 2nd period - Stopped by Martin Jones without a rebound.
11:28 of 2nd period - Aleksander Barkov wins face-off versus Mikael Granlund in Oilers zone.
11:46 of 2nd period - Brad Marchand is hit by Alexei Emelin and loses puck.
12:03 of 2nd period - Shot by Blake Wheeler.
12:03 of 2nd period - Deflect By Brad Marchand.
12:03 of 2nd period - Shot Blocked by Matt Niskanen.
12:05 of 2nd period - Shot by Blake Wheeler.
12:05 of 2nd period - Stopped by Steve Mason with a rebound.
12:07 of 2nd period - Shot by Brad Marchand.
12:07 of 2nd period - Shot Hit the Post.
12:09 of 2nd period - Shot by Mattias Ekholm.
12:09 of 2nd period - Stopped by Steve Mason without a rebound.
12:10 of 2nd period - Jay Beagle wins face-off versus Colton Sceviour in Kings zone.
12:37 of 2nd period - Shot by J.T. Brown.
12:37 of 2nd period - Deflect By Chris Kunitz.
12:37 of 2nd period - Stopped by Martin Jones without a rebound.
12:38 of 2nd period - Jonathan Toews wins face-off versus Dominic Moore in Oilers zone.
12:49 of 2nd period - Scottie Upshall is hit by Fedor Tyutin and loses puck.
12:54 of 2nd period - Shot by Matthew Nieto.
12:54 of 2nd period - Shot Misses the Net.
12:56 of 2nd period - Shot by Marc-Edouard Vlasic.
12:56 of 2nd period - Shot Misses the Net.
12:58 of 2nd period - Shot by Scottie Upshall.
12:58 of 2nd period - Shot Blocked by Fedor Tyutin.
13:00 of 2nd period - Shot by Matthew Nieto.
13:00 of 2nd period - Shot Misses the Net.
13:02 of 2nd period - Shot by Dominic Moore.
13:02 of 2nd period - Deflect By Scottie Upshall.
13:02 of 2nd period - Shot Misses the Net.
13:04 of 2nd period - Shot by Scottie Upshall.
13:04 of 2nd period - Stopped by Steve Mason without a rebound.
13:05 of 2nd period - Aleksander Barkov wins face-off versus Mikael Granlund in Kings zone.
13:15 of 2nd period - Brad Marchand is hit by Dan Hamhuis and loses puck.
13:19 of 2nd period - Aleksander Barkov is hit by Dan Hamhuis and loses puck.
13:26 of 2nd period - Shot by Brad Marchand.
13:26 of 2nd period - Shot Blocked by Matt Niskanen.
13:28 of 2nd period - Shot by Brad Marchand.
13:28 of 2nd period - Stopped by Steve Mason without a rebound.
13:29 of 2nd period - Jay Beagle wins face-off versus Jonathan Toews in Kings zone.
14:01 of 2nd period - Icing by Brian Campbell.
14:02 of 2nd period - Jay Beagle wins face-off versus Patrik Berglund in Oilers zone.
14:13 of 2nd period - Niklas Kronwall is hit by Jay Beagle and loses puck.
14:35 of 2nd period - Jannik Hansen is hit by Niklas Kronwall and loses puck.
14:39 of 2nd period - Icing by Niklas Kronwall.
14:40 of 2nd period - Mikael Granlund wins face-off versus Aleksander Barkov in Kings zone.
15:08 of 2nd period - Shot by Brad Marchand.
15:08 of 2nd period - Shot Misses the Net.
15:10 of 2nd period - Shot by Brad Marchand.
15:10 of 2nd period - Shot Hit the Post.
15:15 of 2nd period - Icing by Niklas Kronwall.
15:16 of 2nd period - Mikael Granlund wins face-off versus Bo Horvat in Kings zone.
15:57 of 2nd period - Michael Grabner is hit by Jonathan Toews and loses puck.
16:46 of 2nd period - Shot by Brad Marchand.
16:46 of 2nd period - Deflect By Aleksander Barkov.
16:46 of 2nd period - Stopped by Steve Mason without a rebound.
16:47 of 2nd period - Jay Beagle wins face-off versus Derek MacKenzie in Kings zone.
17:01 of 2nd period - Minor Penalty to Niklas Kronwall for Holding.
17:02 of 2nd period - Aleksander Barkov wins face-off versus Jonathan Toews in Kings zone.
18:36 of 2nd period - Shot by Brad Marchand.
18:36 of 2nd period - Goal by Brad Marchand - Kings : 4 - Oilers : 1.
18:37 of 2nd period - Dominic Moore wins face-off versus Mikael Granlund in neutral zone.
18:57 of 2nd period - Dan Hamhuis is hit by Dominic Moore and loses puck.
19:07 of 2nd period - Scottie Upshall is hit by Niklas Kronwall and loses puck.
19:13 of 2nd period - Matthew Nieto is hit by Dan Hamhuis and loses puck.
19:18 of 2nd period - Shot by Scottie Upshall.
19:18 of 2nd period - Shot Blocked by Niklas Kronwall.
19:27 of 2nd period - Minor Penalty to Mikael Granlund for Tripping.
19:28 of 2nd period - Jonathan Toews wins face-off versus Aleksander Barkov in Kings zone.
19:41 of 2nd period - Shot by Brad Marchand.
19:41 of 2nd period - Stopped by Steve Mason without a rebound.
19:42 of 2nd period - Jonathan Toews wins face-off versus Bo Horvat in Kings zone.
19:52 of 2nd period - Shot by Marco Scandella.
19:52 of 2nd period - Shot Misses the Net.
Goals for this period are 2 for Kings vs 1 for Oilers.
Shots for this period are 8 for Kings vs 9 for Oilers.

3rd period


0:01 of 3rd period - Jonathan Toews wins face-off versus Aleksander Barkov in neutral zone.
0:16 of 3rd period - Shot by Brad Marchand.
0:16 of 3rd period - Shot Hit the Post.
0:18 of 3rd period - Shot by Aleksander Barkov.
0:18 of 3rd period - Deflect By Brad Marchand.
0:18 of 3rd period - Shot Misses the Net.
0:20 of 3rd period - Shot by Brian Campbell.
0:20 of 3rd period - Shot Misses the Net.
0:22 of 3rd period - Shot by Blake Wheeler.
0:22 of 3rd period - Shot Misses the Net.
0:30 of 3rd period - Shot by Brad Marchand.
0:30 of 3rd period - Stopped by Steve Mason without a rebound.
0:31 of 3rd period - Jonathan Toews wins face-off versus Bo Horvat in Kings zone.
0:56 of 3rd period - Shot by Marc-Edouard Vlasic.
0:56 of 3rd period - Stopped by Steve Mason without a rebound.
0:57 of 3rd period - Aleksander Barkov wins face-off versus Derek MacKenzie in Kings zone.
1:41 of 3rd period - Matthew Nieto is hit by Patrik Berglund.
2:02 of 3rd period - Alex Petrovic is hit by Scott Hartnell and loses puck.
2:34 of 3rd period - Minor Penalty to Derek MacKenzie for Hooking.
2:35 of 3rd period - Aleksander Barkov wins face-off versus Jonathan Toews in Kings zone.
2:38 of 3rd period - Shot by Aleksander Barkov.
2:38 of 3rd period - Shot Blocked by Matt Niskanen.
2:40 of 3rd period - Shot by Blake Wheeler.
2:40 of 3rd period - Stopped by Steve Mason without a rebound.
2:41 of 3rd period - Jonathan Toews wins face-off versus Aleksander Barkov in Kings zone.
3:18 of 3rd period - Shot by Aleksander Barkov.
3:18 of 3rd period - Shot Misses the Net.
4:16 of 3rd period - Bo Horvat is hit by Dan Hamhuis and loses puck.
4:41 of 3rd period - Icing by Evgeny Medvedev.
4:42 of 3rd period - Dominic Moore wins face-off versus Derek MacKenzie in Kings zone.
4:45 of 3rd period - Shot by Dominic Moore.
4:45 of 3rd period - Stopped by Steve Mason without a rebound.
4:45 of 3rd period - Minor Penalty to Steve Mason for Delaying the game.
4:45 of 3rd period - Minor Penalty to Fedor Tyutin for Hooking.
4:46 of 3rd period - Patrik Berglund wins face-off versus Brad Marchand in Kings zone.
4:46 of 3rd period - Patrik Berglund is hit by Brad Marchand.
6:05 of 3rd period - Icing by Jannik Hansen.
6:06 of 3rd period - Patrik Berglund wins face-off versus Bo Horvat in Oilers zone.
6:15 of 3rd period - Shot by Brian Campbell.
6:15 of 3rd period - Stopped by Steve Mason without a rebound.
6:16 of 3rd period - Patrik Berglund wins face-off versus Blake Wheeler in Kings zone.
6:25 of 3rd period - Shot by Mattias Ekholm.
6:25 of 3rd period - Shot Misses the Net.
6:29 of 3rd period - Shot by Blake Wheeler.
6:29 of 3rd period - Shot Misses the Net.
6:43 of 3rd period - Shot by Marc-Edouard Vlasic.
6:43 of 3rd period - Stopped by Steve Mason with a rebound.
6:45 of 3rd period - Shot by Brad Marchand.
6:45 of 3rd period - Deflect By Scottie Upshall.
6:45 of 3rd period - Stopped by Steve Mason with a rebound.
6:55 of 3rd period - Shot by Daniel Sedin.
6:55 of 3rd period - Shot Misses the Net.
7:00 of 3rd period - Jonathan Toews is hit by Alex Petrovic and loses puck.
7:19 of 3rd period - Off-side.
7:20 of 3rd period - Bo Horvat wins face-off versus Colton Sceviour in neutral zone.
7:29 of 3rd period - Shot by Colton Sceviour.
7:29 of 3rd period - Shot Misses the Net.
7:56 of 3rd period - Off-side.
7:57 of 3rd period - Jonathan Toews wins face-off versus Aleksander Barkov in neutral zone.
8:00 of 3rd period - Brad Marchand is hit by Victor Rask and loses puck.
8:43 of 3rd period - Off-side.
8:44 of 3rd period - Jay Beagle wins face-off versus Colton Sceviour in neutral zone.
9:06 of 3rd period - Off-side.
9:07 of 3rd period - Mikael Granlund wins face-off versus Bo Horvat in neutral zone.
9:09 of 3rd period - Off-side.
9:10 of 3rd period - Scott Hartnell wins face-off versus Bo Horvat in neutral zone.
9:23 of 3rd period - Shot by Patrik Berglund.
9:23 of 3rd period - Deflect By Scott Hartnell.
9:23 of 3rd period - Stopped by Martin Jones without a rebound.
9:24 of 3rd period - Aleksander Barkov wins face-off versus Victor Rask in Oilers zone.
9:40 of 3rd period - Icing by Blake Wheeler.
9:41 of 3rd period - Aleksander Barkov wins face-off versus Colton Sceviour in Oilers zone.
9:51 of 3rd period - Brad Marchand is hit by Matt Niskanen and loses puck.
9:54 of 3rd period - Shot by Brad Marchand.
9:54 of 3rd period - Shot Misses the Net.
9:56 of 3rd period - Shot by Brian Campbell.
9:56 of 3rd period - Shot Misses the Net.
10:02 of 3rd period - Shot by Blake Wheeler.
10:02 of 3rd period - Shot Misses the Net.
10:04 of 3rd period - Shot by Aleksander Barkov.
10:04 of 3rd period - Stopped by Steve Mason without a rebound.
10:05 of 3rd period - Jay Beagle wins face-off versus Jonathan Toews in Kings zone.
10:23 of 3rd period - Shot by Jonathan Toews.
10:23 of 3rd period - Stopped by Martin Jones without a rebound.
10:24 of 3rd period - Bo Horvat wins face-off versus Mikael Granlund in Oilers zone.
11:41 of 3rd period - Shot by Victor Rask.
11:41 of 3rd period - Stopped by Martin Jones without a rebound.
11:42 of 3rd period - Aleksander Barkov wins face-off versus Colton Sceviour in Oilers zone.
11:47 of 3rd period - Shot by Chris Kunitz.
11:47 of 3rd period - Shot Misses the Net.
12:45 of 3rd period - Jonathan Toews is hit by Jay Beagle and loses puck.
12:52 of 3rd period - Shot by Jonathan Toews.
12:52 of 3rd period - Shot Misses the Net.
12:54 of 3rd period - Shot by Jonathan Toews.
12:54 of 3rd period - Stopped by Martin Jones without a rebound.
12:55 of 3rd period - Patrik Berglund wins face-off versus Dominic Moore in Oilers zone.
13:02 of 3rd period - Shot by Scott Hartnell.
13:02 of 3rd period - Shot Misses the Net.
13:04 of 3rd period - Shot by Patrik Berglund.
13:04 of 3rd period - Stopped by Martin Jones without a rebound.
13:05 of 3rd period - Jay Beagle wins face-off versus Daniel Sedin in Oilers zone.
13:05 of 3rd period - Jay Beagle is hit by Jonathan Toews.
13:23 of 3rd period - Shot by Justin Williams.
13:23 of 3rd period - Shot Misses the Net.
15:34 of 3rd period - Shot by Michael Grabner.
15:34 of 3rd period - Stopped by Steve Mason without a rebound.
15:35 of 3rd period - Daniel Sedin wins face-off versus Scottie Upshall in Kings zone.
15:35 of 3rd period - Daniel Sedin is hit by Scottie Upshall.
15:56 of 3rd period - Victor Rask is hit by Mattias Ekholm and loses puck.
16:15 of 3rd period - Shot by Daniel Sedin.
16:15 of 3rd period - Shot Misses the Net.
16:17 of 3rd period - Shot by Jonathan Toews.
16:17 of 3rd period - Shot Misses the Net.
16:19 of 3rd period - Shot by Daniel Sedin.
16:19 of 3rd period - Stopped by Martin Jones without a rebound.
16:20 of 3rd period - Aleksander Barkov wins face-off versus Colton Sceviour in Oilers zone.
16:55 of 3rd period - Shot by Colton Sceviour.
16:55 of 3rd period - Stopped by Martin Jones without a rebound.
16:56 of 3rd period - Bo Horvat wins face-off versus Mikael Granlund in Oilers zone.
17:03 of 3rd period - Shot by Michael Grabner.
17:03 of 3rd period - Shot Misses the Net.
17:06 of 3rd period - Icing by Matt Niskanen.
17:07 of 3rd period - Scott Hartnell wins face-off versus Jay Beagle in Kings zone.
17:21 of 3rd period - Minor Penalty to Jay Beagle for Holding.
17:22 of 3rd period - Jonathan Toews wins face-off versus Dominic Moore in Oilers zone.
17:50 of 3rd period - Brian Campbell is hit by Scott Hartnell and loses puck.
17:56 of 3rd period - Jonathan Toews is hit by Marc-Edouard Vlasic and loses puck.
18:17 of 3rd period - Shot by Patrik Berglund.
18:17 of 3rd period - Stopped by Martin Jones without a rebound.
18:18 of 3rd period - Mikael Granlund wins face-off versus Aleksander Barkov in Oilers zone.
18:18 of 3rd period - Mikael Granlund is hit by Mattias Ekholm.
18:26 of 3rd period - Shot by Chris Kunitz.
18:26 of 3rd period - Goal by Chris Kunitz - Kings : 5 - Oilers : 1.
18:27 of 3rd period - Colton Sceviour wins face-off versus Aleksander Barkov in neutral zone.
19:01 of 3rd period - Minor Penalty to Chris Kunitz for Hooking.
19:02 of 3rd period - Jonathan Toews wins face-off versus Bo Horvat in Kings zone.
Goals for this period are 1 for Kings vs 0 for Oilers.
Shots for this period are 9 for Kings vs 9 for Oilers.